[Event "*** Titled Tuesday 3|2 Blitz"]
[Site "Chess.com"]
[Date "2014.12.30"]
[Round "7"]
[White "Carolina-moon"]
[Black "Vandros57"]
[Result "0-1"]
[WhiteElo "1877"]
[BlackElo "1845"]
[TimeControl "180+2"]
[EndTime "12:33:57 PST"]
[Termination "Vandros57 won by resignation"]

1. e4 e5 2. Nf3 d6 3. d4 Nd7 4.
Nc3 Ngf6 5. Bc4 Be7 6. O-O O-O 7. Re1 c6 8. a4 a5 9. h3 h6 10. Ba2 Re8 11. Be3 Qc7 12. Nh4 Nf8 13. Nf5 Bxf5 14.
exf5 exd4 15. Qxd4 d5 16. Rad1 Bd6 17. Qh4 N8h7 18.
Bd4 Be5 19. Ne2 Re7 20. Bxe5 Rxe5 21. Nd4 Rae8 22. Rxe5 Qxe5 23. c3 Ng5 24. Bb1 Qe7 25. f4 Qe3+ 26. Kh2 Nge4 27. Bxe4 Nxe4 28. Re1 Qd2 29.
Re2 Qd3 30. f6 c5 31. Qg4 g6 32. Nf5 Kh7 33. Nxh6 Nxf6 34. Qh4 Rxe2 35. Ng4+ Nh5 36. Nf6+ Kg7 37. Nxh5+ gxh5 38. Qxh5 Qe4 39. Qg5+ Kf8 40. Qd8+ Qe8 41. Qg5 Qe7 42. Qh6+ Ke8 43. Qh8+ Kd7 44. Qb8 Kc6 45. Qc8+ Qc7 46. Qf5 Re4 47. Kg3 Qd6 48. b4 Qg6+ 49. Qxg6+ fxg6 50. b5+ Kd6 51. Kf3 Ke6 52.
h4 Rxa4 53. g4 Kf6 54. h5 gxh5 55. gxh5 Kf5 56. h6 Rxf4+ 57. Kg3 Rg4+ 58. Kh3 Rg6 59. h7 Rh6+ 60. Kg3 Rxh7 0-1

[Event "*** Titled Tuesday 3|2 Blitz"]
[Site "Chess.com"]
[Date "2014.12.30"]
[Round "7"]
[White "162a54f5d"]
[Black "AlmirDzhumaev"]
[Result "0-1"]
[WhiteElo "2265"]
[BlackElo "2084"]
[TimeControl "180+2"]
[EndTime "12:34:06 PST"]
[Termination "AlmirDzhumaev won by checkmate"]

1. d4 d5 2. c4 e6 3. Nf3 Nf6 4. g3 Be7 5. Bg2 O-O 6. O-O b6 7.
cxd5 exd5 8. Ne5 Bb7 9. Nc3 Nbd7 10. Bf4 c6 11. Qa4 Nxe5 12. Bxe5 Nd7 13. Bf4 a6 14. e4 dxe4 15. Nxe4 Nf6 16. Rad1 Rc8 17. Rfe1 Nd5 18. Bc1 Bb4 19. Re2 a5 20. a3 Ba6 21.
Rc2 Bb5 22. Qb3 a4 23. Qf3 Be7 24. Nc3 Bc4 25. Nxa4 b5 26. b3 Bxb3 27. Qxb3 bxa4 28. Qxa4 Qd6 29. Bb2 Bf6 30. Rdc1 Rfe8 31. Bf3 Re6 32. Bg4 Ne7 33. Qb4 Qd5 34. Bxe6 Qxe6 35. Re1 Qf5 36. Rce2 h6 37. Rxe7 Bxe7 38. Qxe7 Rb8 39. Bc1 Rb1 40. Bf4 g5 41. Bd6 Kh7 42. Rxb1 Qxb1+ 43. Kg2 Qf5 44.
Bc5 Qd5+ 45. Kg1 Qf5 46. Qe5 Qf3 47. Qe1 Kg6 48. a4 h5 49. a5 h4 50. Qf1 Qb3 51.
a6 Qa2 52. a7 f6 53. Kg2 Qd5+ 54. Kg1 Qa2 55. gxh4 gxh4 56. Qg2+ Kf5 57. Qxc6 Qb1+ 58. Kg2 h3+ 59. Kxh3 Qf1+ 60. Qg2 Qd3+ 61. Qg3 Qf1+ 62. Kh4 Qd1 63. Qh3+ Kf4 64. Qe3+ Kf5 65. a8=Q Qg4# 0-1

[Event "*** Titled Tuesday 3|2 Blitz"]
[Site "Chess.com"]
[Date "2014.12.30"]
[Round "7"]
[White "Sebastian"]
[Black "DrHolmes13"]
[Result "1-0"]
[WhiteElo "2533"]
[BlackElo "2220"]
[TimeControl "180+2"]
[EndTime "12:34:31 PST"]
[Termination "Sebastian won by resignation"]

1. e4 c6 2. Nc3 d5 3. Nf3 Bg4 4.
h3 Bxf3 5. Qxf3 e6 6. d4 dxe4 7.
Qxe4 Nf6 8. Qd3 Na6 9. a3 Be7 10.
Be2 O-O 11. O-O Nc7 12. Rd1 Qd7 13. Ne4 Nxe4 14. Qxe4 Bf6 15. c3 Rfe8 16. Qf3 Qd5 17. g3 Rad8 18. Kg2 Qxf3+ 19. Bxf3 e5 20. dxe5 Rxd1 21.
Bxd1 Bxe5 22. Be3 a6 23. Bb3 Rd8 24. Rd1 Rxd1 25. Bxd1 Kf8 26. f4 Bd6 27. Kf3 Ke7 28. g4 Nd5 29. Bd2 f6 30. h4 Nb6 31. Bb3 h6 32. h5 Nd7 33. Bc2 Nb6 34. Bc1 Nd5 35. Ke4 Ke6 36. Bb3 Bc7 37. c4 Ne7 38. c5+ Kd7 39. Bf7 Nc8 40. Kf5 Ne7+ 41. Ke4 Nc8 42. Bd2 Ke7 43. Bc4 Kd7 44. b4 Ne7 45. a4 Bb8 46.
Bf7 Bc7 47. Bc3 Nc8 48. Kf5 Ne7+ 49. Ke4 Nc8 50. Bc4 Ne7 51. g5 Nd5 52. Bxd5 cxd5+ 53.
Kxd5 Bxf4 54. gxf6 gxf6 55. Bxf6 Bd2 56. b5 axb5 57.
axb5 Be3 58. Be5 Bf2 59. Bf4 Ke7 60. Bxh6 Kf6 61. Bf4 Kf5 62. h6 Kg6 63. c6 bxc6+ 64. bxc6 Bb6 65. Ke6 Ba5 66. Kd7 Kf5 67. h7 Bc3 68. c7 Kxf4 69. c8=Q Be5 70. h8=Q Bxh8 71. Qxh8 Ke4 72. Kd6 1-0

[Event "*** Titled Tuesday 3|2 Blitz"]
[Site "Chess.com"]
[Date "2014.12.30"]
[Round "7"]
[White "ameet100"]
[Black "ChessWarrior7197"]
[Result "1-0"]
[WhiteElo "2407"]
[BlackElo "2006"]
[TimeControl "180+2"]
[EndTime "12:35:04 PST"]
[Termination "ameet100 won by resignation"]

1. Nf3 Nf6 2. g3 g6 3. Bg2 Bg7 4. O-O O-O 5. d4 d5 6. Bf4 Nbd7 7. Qc1 c5 8. Bh6 b6 9. c3 Bb7 10. Qf4 Re8 11. Qh4 e5 12. dxe5 Nxe5 13. Nbd2 Nxf3+ 14. Bxf3 Qe7 15. Bg5 Qe5 16. Rad1 b5 17. Nb3 Rac8 18. Qf4 Ne4 19. Qxe5 Bxe5 20. Be3 Bd6 21. Nd2 Nf6 22. Bg5 Kg7 23. Nb3 Re5 24. Bf4 Re6 25. Bg5 Re5 26. Bxf6+ Kxf6 27. Rd2 Be7 28. Rfd1 Ke6 29. e3 Bd8 30.
Bg2 Bb6 31. Nc1 c4 32. Ne2 Kd6 33. Nf4 Rc5 34. h4 h6 35. Kh2 g5 36. hxg5 hxg5 37. Ne2 Kc7 38. g4 a5 39. Bf3 Kb8 40. Kg2 b4 41. a3 Rb5 42. cxb4 axb4 43. axb4 Rxb4 44. Nc3 Rb3 45. Bxd5 Bxd5+ 46. Nxd5 Ba5 47. Rd4 Rxb2 48. Rxc4 Kb7 49. Kg3 Re6 50. Rcd4 Bb6 51.
Rb4 Rxb4 52. Nxb4 Bc7+ 53. Kg2 Bd6 54. Nc2 Kc7 55. Nd4 Rf6 56. Nb5+ Kc6 57. Nd4+ Kc7 58. Nf3 Rg6 59. Rd5 Be7 60. Ne5 Re6 61. Nxf7 Kc6 62.
Rf5 Rg6 63. Ne5+ Kd5 64. Nxg6+ Ke6 65. Nxe7 Kxe7 66. Rxg5 Kf6 67. Rf5+ Kg6 68. e4 Kh6 69. e5 Kg7 70. e6 Kh6 71. e7 Kg7 72. e8=Q Kh6 73.
Qe6+ Kg7 74. Rf7+ 1-0

[Event "*** Titled Tuesday 3|2 Blitz"]
[Site "Chess.com"]
[Date "2014.12.30"]
[Round "7"]
[White "MisaPap"]
[Black "bugsbunny444"]
[Result "0-1"]
[WhiteElo "2327"]
[BlackElo "2255"]
[TimeControl "180+2"]
[EndTime "12:35:45 PST"]
[Termination "bugsbunny444 won by resignation"]

1. e4 e6 2. d4 d5 3. e5 c5 4. c3 Nc6 5. Nf3 Qb6 6. Bd3 Nh6 7. O-O cxd4 8. cxd4 Nf5 9. Bxf5 exf5 10. Nc3 Be6 11. h4 h6 12. Ne2 Be7 13. Nf4 O-O 14. b3 Rfc8 15. Be3 Nb4 16. h5 Rc7 17. Ne1 Rac8 18. a3 Nc2 19. Nxc2 Rxc2 20. b4 R8c4 21. Nd3 Qc6 22. Rc1 Rxc1 23. Nxc1 b6 24. Ne2 a5 25.
bxa5 bxa5 26. Qb3 Qa4 27. Qb8+ Kh7 28. Ra1 Qc2 29. Nf4 Qc3 30. Rb1 Qxa3 31. Nxe6 fxe6 32. Qe8 Rb4 33. Rf1 Rb6 34. Qg6+ Kg8 35. Bxh6 Bf8 36. Be3 Qe7 37. Rc1 Qf7 38. Qg5 Qb7 39. Kh2 a4 40. Ra1 a3 41. h6 Rb1 42. Ra2 Rb2 43. Ra1 Rb1 44. Ra2 Rb2 45. Ra1 Rb1 46. Rxb1 Qxb1 47. Qg6 Qb6 48. h7+ Kh8 49. Qe8 Qb4 50. Qxe6 Kxh7 51.
Qxf5+ Kh8 52. Qh5+ Kg8 53. e6 Qd6+ 54. g3 Qxe6 55. Qe2 Qe4 56. Qa2 Qf3 57. Qb3 Be7 58. Kg1 Kf7 59. Qa2 Ke6 60. Qb3 Bd6 61. Kh2 Qe2 62. Kh3 Qc4 63. Qb1 a2 64. Qg6+ Kd7 65. Qf5+ Kc6 66. Qc8+ Kb5 67. Qa8 Kb4 68. Kg4 Kb3 69.
Bd2 Kc2 70. Be3 Bb4 71. Qa4+ Qb3 72. Qc6+ Qc4 73. Qa4+ Kb2 74. Qd1 a1=Q 75. Bc1+ Qaxc1 0-1

[Event "*** Titled Tuesday 3|2 Blitz"]
[Site "Chess.com"]
[Date "2014.12.30"]
[Round "8"]
[White "VovAn1991"]
[Black "davopetr"]
[Result "1-0"]
[WhiteElo "2460"]
[BlackElo "2561"]
[TimeControl "180+2"]
[EndTime "12:40:03 PST"]
[Termination "VovAn1991 won by resignation"]

1. e4 e6 2. d4 d5 3. Nd2 Nf6 4.
e5 Nfd7 5. c3 c5 6. Bd3 Nc6 7.
Ne2 cxd4 8. cxd4 f6 9. exf6 Nxf6 10. O-O Bd6 11. Nf3 Qc7 12. Bd2 O-O 13. Rc1 Bd7 14. Ng3 Rac8 15. Bc3 Bf4 16. Rc2 Qb6 17. Re2 Nb4 18.
Bxb4 Qxb4 19. a3 Qb6 20. b4 Rc3 21. Ra2 Rxd3 22. Qxd3 Bb5 23. Qd1 Bxf1 24. Nxf1 Ne4 1-0

[Event "*** Titled Tuesday 3|2 Blitz"]
[Site "Chess.com"]
[Date "2014.12.30"]
[Round "8"]
[White "DARIO555"]
[Black "vinceyoung15"]
[Result "1-0"]
[WhiteElo "2202"]
[BlackElo "1982"]
[TimeControl "180+2"]
[EndTime "12:42:02 PST"]
[Termination "DARIO555 won by resignation"]

1. e4 c5 2. Nc3 Nc6 3. f4 g6 4.
Nf3 Bg7 5. Bb5 Nd4 6. a4 Nxb5 7.
axb5 e6 8. O-O d5 9. d3 Ne7 10. Qe1 O-O 11. Qh4 dxe4 12. dxe4 b6 13. Be3 Bb7 14. Rfd1 Qc7 15. Rd2 f5 16. Ng5 h6 17.
Nxe6 Qc8 18. Qxe7 Rf7 19. Rd8+ Qxd8 20. Qxd8+ Rxd8 21. Nxd8 Rd7 22. Nxb7 Rxb7 23. e5 g5 24. g3 gxf4 25. gxf4 Kf7 26. Kf2 Ke6 27. Rd1 Bf8 28.
Kf3 Be7 29. Nd5 Bd8 30. c4 Rg7 31. Rg1 Rxg1 32. Bxg1 h5 33. b4 cxb4 34. Nxb4 Be7 35. Nc6 Bc5 36. Bxc5 bxc5 1-0

[Event "*** Titled Tuesday 3|2 Blitz"]
[Site "Chess.com"]
[Date "2014.12.30"]
[Round "8"]
[White "FairChess_on_YouTube"]
[Black "Imre91"]
[Result "1-0"]
[WhiteElo "2701"]
[BlackElo "2540"]
[TimeControl "180+2"]
[EndTime "12:42:07 PST"]
[Termination "FairChess_on_YouTube won by resignation"]

1. e4 e6 2. d4 d5 3. Nc3 Nf6 4.
e5 Nfd7 5. f4 c5 6. Nf3 Nc6 7.
Be3 a6 8. Qd2 b5 9. Nd1 Bb7 10.
Nf2 Rc8 11. Be2 g6 12. O-O Be7 13. c3 O-O 14. Bd3 Nb6 15. b3 b4 16. Ng4 bxc3 17. Qf2 cxd4 18. Nxd4 Nxd4 19. Bxd4 Nd7 20. f5 exf5 21.
e6 Nf6 22. Nh6+ Kg7 23. Nxf5+ gxf5 24. Qxf5 Rh8 25. Qg5+ Kf8 26. Rxf6 Bxf6 27. Bxf6 Qb6+ 28. Kh1 Qxe6 29. Bxh8 c2 30. Bxc2 d4 31. Bf5 Bxg2+ 32. Kg1 1-0

[Event "*** Titled Tuesday 3|2 Blitz"]
[Site "Chess.com"]
[Date "2014.12.30"]
[Round "8"]
[White "KestutisLabeckas"]
[Black "Sebastian"]
[Result "0-1"]
[WhiteElo "2377"]
[BlackElo "2538"]
[TimeControl "180+2"]
[EndTime "12:42:32 PST"]
[Termination "Sebastian won by resignation"]

1. d4 Nf6 2. Bg5 Ne4 3. Bf4 d5 4.
e3 c5 5. Bd3 Nf6 6. c3 Nc6 7.
Nd2 Bg4 8. Ngf3 e6 9. O-O a6 10. h3 Bh5 11. Qb1 Be7 12. Ne5 Nxe5 13. Bxe5 Bg6 14.
Bxg6 hxg6 15. b4 cxb4 16. cxb4 O-O 17. Rc1 Qb6 18. a3 Rfc8 19. Qb2 Nd7 20. Bg3 a5 21. b5 a4 22. Nf3 Qd8 23. Rxc8 Rxc8 24. Ne5 Nxe5 25. Bxe5 f6 26. Bg3 Qa5 27. Kh2 Qc3 28. Qb1 Kf7 29. b6 Rc4 30. Qa2 Qc2 31. Qb1 Qxb1 32. Rxb1 Bxa3 0-1

[Event "*** Titled Tuesday 3|2 Blitz"]
[Site "Chess.com"]
[Date "2014.12.30"]
[Round "8"]
[White "crisfoisor"]
[Black "jlandaw"]
[Result "0-1"]
[WhiteElo "2126"]
[BlackElo "2324"]
[TimeControl "180+2"]
[EndTime "12:43:05 PST"]
[Termination "jlandaw won by checkmate"]

1. c4 e5 2. g3 Nc6 3. Bg2 g6 4.
Nc3 Bg7 5. e4 d6 6. Nge2 f5 7. d3 Nf6 8. O-O O-O 9. Rb1 Nh5 10.
Nd5 Be6 11. b4 a5 12. b5 Nb4 13. Nxb4 axb4 14. exf5 gxf5 15. Qb3 f4 16. Bxb7 f3 17. Bxa8 fxe2 18. Bg2 exf1=Q+ 19. Bxf1 Nf6 20. h3 Qc8 21. Kh2 e4 22. Be3 exd3 23. Qxb4 Ne4 24. c5 Nxf2 25.
cxd6 Bxh3 26. Qc4+ Be6 27. Qxc7 Ng4+ 28. Kg1 Nxe3 29.
b6 Nxf1 30. b7 Bd4+ 31. Kg2 Bd5# 0-1

[Event "*** Titled Tuesday 3|2 Blitz"]
[Site "Chess.com"]
[Date "2014.12.30"]
[Round "8"]
[White "oggy1984"]
[Black "playerzr"]
[Result "1-0"]
[WhiteElo "2142"]
[BlackElo "1888"]
[TimeControl "180+2"]
[EndTime "12:43:19 PST"]
[Termination "oggy1984 won on time"]

1. e4 c5 2. Nf3 Nc6 3. d4 cxd4 4.
Nxd4 e5 5. Nb5 d6 6. N1c3 a6 7. Na3 Be6 8. Nc4 Be7 9. Ne3 Bg5 10.
Ned5 Bxc1 11. Rxc1 Nge7 12. Be2 O-O 13. O-O Nd4 14.
Kh1 Nxd5 15. exd5 Bf5 16. f4 Nxe2 17. Qxe2 Re8 18. fxe5 Rxe5 19. Qd2 Rc8 20. Rf4 h6 21. Rcf1 Bg6 22. a4 Rc5 23. Rb4 Qd7 24. h3 b5 25.
axb5 axb5 26. Ra1 Kh7 27. Qf2 Rc4 28. Ra7 Qxa7 29. Qxa7 Rxb4 30. Qa3 Rh4 31. Qxd6 Re1+ 32. Kh2 b4 33. Nb5 Re2 34. Qg3 Be4 35. d6 Rxg2+ 36.
Qxg2 Bxg2 37. d7 1-0

[Event "*** Titled Tuesday 3|2 Blitz"]
[Site "Chess.com"]
[Date "2014.12.30"]
[Round "8"]
[White "MikePerelshteyn"]
[Black "MartinZumsande"]
[Result "0-1"]
[WhiteElo "2080"]
[BlackElo "2257"]
[TimeControl "180+2"]
[EndTime "12:43:28 PST"]
[Termination "MartinZumsande won on time"]

1. Nf3 d5 2. g3 Nf6 3. Bg2 e6 4.
O-O Be7 5. d3 c5 6. Nbd2 Nc6 7.
e4 O-O 8. e5 Nd7 9. Re1 b5 10.
h4 a5 11. h5 b4 12. Nf1 Ba6 13. h6 g6 14. N1h2 a4 15. a3 Bb5 16. Ng4 Nd4 17. Nxd4 cxd4 18. axb4 Bxb4 19. Bd2 Be7 20. Qf3 Qc7 21. Rac1 Rfc8 22. Qf4 a3 23. bxa3 Rxa3 24.
Qxd4 Ra2 25. Bb4 Ra4 26. c3 Nc5 27. Bf1 Nb3 28. Qf4 Rxb4 29. Nf6+ Kh8 30. cxb4 Nxc1 31. Nxd5 exd5 32. Qxf7 Bg5 33. Qg7+ Qxg7 34. hxg7+ Kxg7 35. f4 Be7 36. Bh3 Nxd3 37. Ra1 Rc1+ 38. Rxc1 Nxc1 0-1

[Event "*** Titled Tuesday 3|2 Blitz"]
[Site "Chess.com"]
[Date "2014.12.30"]
[Round "8"]
[White "LADIESGET2KNOWME"]
[Black "DanielRensch"]
[Result "0-1"]
[WhiteElo "2232"]
[BlackElo "2349"]
[TimeControl "180+2"]
[EndTime "12:43:30 PST"]
[Termination "DanielRensch won by checkmate"]

1. d4 Nf6 2. Nc3 c5 3. Bg5 cxd4 4. Qxd4 Nc6 5. Qh4 g6 6. Bxf6 exf6 7. O-O-O Bg7 8. e4 O-O 9. f4 b5 10. Bxb5 Qb6 11.
Bc4 Rb8 12. Bb3 a5 13. Nd5 Qb5 14. a4 Qc5 15. Nxf6+ Bxf6 16. Qxf6 Rxb3 17. Nf3 Ba6 18. Rd5 Qe3+ 19. Kb1 Qxe4 20. Rxd7 Nb4 21. Nd4 Re3 22. b3 Bd3 23. Rc1 Bxc2+ 24. Rxc2 Rxb3+ 25. Nxb3 Qxc2+ 26. Ka1 Qa2# 0-1

[Event "*** Titled Tuesday 3|2 Blitz"]
[Site "Chess.com"]
[Date "2014.12.30"]
[Round "8"]
[White "FlySooHigh"]
[Black "Philofive"]
[Result "1-0"]
[WhiteElo "2368"]
[BlackElo "2276"]
[TimeControl "180+2"]
[EndTime "12:43:39 PST"]
[Termination "FlySooHigh won by resignation"]

1. e4 e6 2. d4 d5 3. e5 c5 4. c3 Nc6 5. Nf3 Qb6 6. a3 Nh6 7. b4 cxd4 8. cxd4 Nf5 9. Be3 f6 10.
exf6 gxf6 11. Nc3 Nxe3 12. fxe3 Bh6 13. Qd2 Bd7 14. Bd3 Ne7 15. O-O O-O-O 16. Rab1 Kb8 17. Rfe1 Qd6 18. Nb5 Bxb5 19. Bxb5 e5 20. Qf2 Rhg8 21. Nh4 Rg4 22. Nf5 Nxf5 23. Qxf5 Rdg8 24. Rb2 a6 25. Bf1 exd4 26. exd4 Rxd4 27. Qxh7 Qf8 28. Rbe2 Rd2 29. Re7 d4 30. Rxb7+ 1-0

[Event "*** Titled Tuesday 3|2 Blitz"]
[Site "Chess.com"]
[Date "2014.12.30"]
[Round "8"]
[White "VSERGUEI"]
[Black "ameet100"]
[Result "1-0"]
[WhiteElo "2411"]
[BlackElo "2398"]
[TimeControl "180+2"]
[EndTime "12:43:42 PST"]
[Termination "VSERGUEI won by resignation"]

1. d4 d6 2. Nf3 g6 3. c4 Bg7 4. Nc3 a6 5. e4 Bg4 6. Be3 Nc6 7. d5 Bxf3 8. gxf3 Ne5 9. f4 Nd7 10.
h4 Ngf6 11. Be2 c6 12. h5 gxh5 13. Rg1 Rg8 14. Bxh5 Qa5 15. Kf1 Qb4 16. a3 Qa5 17. b4 Qc7 18. Rc1 a5 19. dxc6 bxc6 20. b5 Nc5 21. e5 Nxh5 22. Qxh5 O-O-O 23. Qxf7 Rdf8 24. Qh5 Qd7 25. Bxc5 dxc5 26. Rd1 Qe6 27. Qg4 Qxg4 28. Rxg4 h5 29. Rh4 cxb5 30. cxb5 e6 31. Rd6 Bh6 32. Ne2 Rg6 33. a4 Rf5 34. Rc6+ Kd7 35. Rxc5 Bf8 36.
Rc4 Bb4 37. Ng3 Rf8 38. Rxh5 Be7 39. Rh7 Rf7 40. Rxf7 1-0

[Event "*** Titled Tuesday 3|2 Blitz"]
[Site "Chess.com"]
[Date "2014.12.30"]
[Round "8"]
[White "zmaj23"]
[Black "AUSSIE_PINOY"]
[Result "0-1"]
[WhiteElo "2099"]
[BlackElo "2265"]
[TimeControl "180+2"]
[EndTime "12:44:03 PST"]
[Termination "AUSSIE_PINOY won by resignation"]

1. e4 c5 2. Nf3 a6 3. c4 e6 4. Nc3 Qc7 5. d4 cxd4 6. Nxd4 b6 7.
Be3 Bb7 8. Bd3 Nf6 9. O-O h5 10. f4 Ng4 11. Nc2 g5 12. Qf3 Nxe3 13. Nxe3 gxf4 14. Qxf4 Qxf4 15. Rxf4 Bc5 16. Re1 Nc6 17.
Kf1 Ne5 18. Ke2 Bc6 19. Nc2 Be7 20. Nd4 Bg5 21. Rff1 Ke7 22. b3 Rag8 23. Bc2 Bb7 24. a4 d6 25. a5 bxa5 26. Ra1 Kd7 27. Rxa5 Bd8 28. Raa1 Rxg2+ 29. Rf2 Rhg8 30. Na4 h4 31. c5 h3 32. cxd6 Kxd6 33. Rd1 Ke7 34. Nc5 Bc8 35. Rf1 Bb6 36. b4 a5 37. Ndb3 axb4 38. Ke3 Rxf2 39. Rxf2 Nd7 40. Kd4 Rg5 41.
Kc4 Nxc5 42. Rf3 Nxb3 43. Bxb3 Bc5 0-1

[Event "*** Titled Tuesday 3|2 Blitz"]
[Site "Chess.com"]
[Date "2014.12.30"]
[Round "8"]
[White "kharposh"]
[Black "ItalianMachine"]
[Result "0-1"]
[WhiteElo "2004"]
[BlackElo "2169"]
[TimeControl "180+2"]
[EndTime "12:44:10 PST"]
[Termination "ItalianMachine won by resignation"]

1. e4 c5 2. Nf3 e6 3. Nc3 a6 4. a4 b6 5. d4 cxd4 6. Nxd4 Bb7 7. Bd3 d6 8. O-O Nc6 9. Be3 Ne5 10. f4 Nxd3 11. cxd3 Nf6 12. Rc1 Be7 13. f5 e5 14. Nde2 O-O 15. Bg5 Nxe4 16. Bxe7 Nxc3 17. Bxd8 Nxd1 18. Bxb6 Nxb2 19. Rc7 Bc8 20. d4 Nxa4 21. Ba5 exd4 22. Nxd4 Nc5 23. Re1 g6 24. g4 Nd3 25. Ree7 Ne5 26. h3 Rb8 27. Bc3 Rb1+ 28. Kf2 a5 29. Ne6 Bxe6 30. fxe6 fxe6+ 31. Ke2 Rf7 32. Rxf7 Nxf7 33. Rc8+ Nd8 34. Rxd8+ Kf7 35. Rd7+ Ke8 36.
Rxh7 a4 37. h4 a3 38. h5 gxh5 39. gxh5 a2 40. Ra7 Rh1 41. Kd3 Rxh5 42. Rxa2 Kd7 43. Ra7+ Kc6 44. Ra6+ Kd7 45. Ra7+ Ke8 46. Bf6 Rf5 47.
Bh4 Rf4 48. Bg5 Rf5 49. Bh4 Rf4 50. Be7 Rf7 51. Rd7 Kxd7 0-1

[Event "*** Titled Tuesday 3|2 Blitz"]
[Site "Chess.com"]
[Date "2014.12.30"]
[Round "8"]
[White "pKiLz5Rn9b"]
[Black "AlexanderL"]
[Result "0-1"]
[WhiteElo "2177"]
[BlackElo "2408"]
[TimeControl "180+2"]
[EndTime "12:44:16 PST"]
[Termination "AlexanderL won by resignation"]

1. e4 e6 2. d4 d5 3. Nd2 c5 4. exd5 Qxd5 5. Ngf3 cxd4 6. Bc4 Qd6 7.
O-O Nf6 8. Nb3 Nc6 9. Nbxd4 Nxd4 10. Nxd4 a6 11. Re1 Qc7 12. Bb3 Bd6 13. h3 Bh2+ 14.
Kh1 Bf4 15. Qf3 Bxc1 16. Raxc1 O-O 17. Re3 Rd8 18. Rc3 Qb6 19. Ne2 Bd7 20. Qe3 Qxe3 21. Rxe3 Bc6 22. c3 Rd2 23. Rc2 Rad8 24. Nd4 Rxc2 25.
Bxc2 Bd5 26. b3 b5 27. f3 Bb7 28. Rd3 g6 29. Kg1 Nd5 30. Ne2 Rc8 31. Bb1 a5 32.
Kf2 Kg7 33. Ke1 g5 34. Kd2 h5 35. g3 Kf6 36. Nd4 Ba6 37. Ne2 Rh8 38. Rd4 h4 39. g4 Rc8 40. Bd3 Ke5 41. a4 Nxc3 42. axb5 Nxb5 43.
Re4+ Kf6 44. f4 Rd8 45. Ke3 Rxd3+ 46. Kxd3 Nd6+ 47. Rc4 gxf4 48. Nxf4 Kg5 49. Ne2 f5 50. gxf5 exf5 51. Kd4 Nxc4 52. bxc4 a4 53. Nc3 a3 54. c5 Bb7 55. Ke3 f4+ 56. Kf2 Kf5 57. Na2 Ke5 58.
Nb4 Kd4 59. c6 Bxc6 60. Nxc6+ Kc3 0-1

[Event "*** Titled Tuesday 3|2 Blitz"]
[Site "Chess.com"]
[Date "2014.12.30"]
[Round "8"]
[White "bugsbunny444"]
[Black "Tilicheev_Viacheslav"]
[Result "0-1"]
[WhiteElo "2250"]
[BlackElo "2403"]
[TimeControl "180+2"]
[EndTime "12:45:10 PST"]
[Termination "Tilicheev_Viacheslav won on time"]

1. Nf3 d5 2. c4 d4 3. g3 Nc6 4.
Bg2 e5 5. O-O a5 6. d3 Nf6 7. e3 dxe3 8. Bxe3 Be7 9. Nc3 O-O 10. d4 exd4 11. Nxd4 Nxd4 12. Bxd4 c6 13. Na4 Bg4 14. Qd2 Be6 15. c5 Qc7 16. Rfd1 Rad8 17.
Qe1 Nd7 18. Rac1 Bg5 19. f4 Bf6 20. Bxf6 Nxf6 21. b3 Bd5 22. Nb6 Bxg2 23. Kxg2 Rfe8 24. Rxd8 Qxd8 25. Rd1 Qc7 26. Qd2 Qe7 27. Na4 Qe4+ 28. Kg1 h5 29. Qg2 Qe3+ 30. Qf2 Qe7 31. Kf1 Ng4 32.
Qd2 Qe4 33. Kg1 h4 34. Nc3 Qf5 35. Re1 Qxc5+ 36. Kg2 Rxe1 37. Qxe1 Ne3+ 38. Kf3 Nc2 39. Qe8+ Kh7 40. Ne4 Qd5 41. Kf2 f6 0-1

[Event "*** Titled Tuesday 3|2 Blitz"]
[Site "Chess.com"]
[Date "2014.12.30"]
[Round "8"]
[White "DrHolmes13"]
[Black "Irochka83"]
[Result "0-1"]
[WhiteElo "2207"]
[BlackElo "2303"]
[TimeControl "180+2"]
[EndTime "12:45:11 PST"]
[Termination "Irochka83 won by checkmate"]

1. Nf3 d5 2. d4 Nf6 3. c4 e6 4.
Nc3 Bb4 5. Qb3 c5 6. dxc5 Nc6 7. Bg5 h6 8. Bxf6 Qxf6 9. Rc1 d4 10.
a3 Ba5 11. Nxd4 Qxd4 12. e3 Qxc5 13. Be2 O-O 14. O-O Bxc3 15. Qxc3 a5 16. Bf3 e5 17.
Rfd1 Be6 18. Bd5 Rad8 19. Qb3 b6 20. h3 Ne7 21. e4 Nc6 22. Qa4 Nd4 23. b4 axb4 24. axb4 Qe7 25. Re1 Qg5 26. Rc3 Bxd5 27. exd5 Ra8 28. Qd1 Ra2 29. Rg3 Qf6 30. f4 Qxf4 31.
Ree3 Rfa8 32. Kh2 Ra1 33. Qg4 Qxg4 34. Rxg4 f5 35. Rg6 Re8 36. Rxb6 f4 37. Re4 Nf5 38. g4 fxg3+ 39. Kg2 Ra2+ 40. Kg1 Rea8 41. Re1 Rf2 42. d6 Nh4 43. Kh1 Nf3 44. Rb8+ Rxb8 45. Re2 g2# 0-1

[Event "*** Titled Tuesday 3|2 Blitz"]
[Site "Chess.com"]
[Date "2014.12.30"]
[Round "8"]
[White "ChessWarrior7197"]
[Black "GedoGluperd"]
[Result "1-0"]
[WhiteElo "2020"]
[BlackElo "2283"]
[TimeControl "180+2"]
[EndTime "12:45:12 PST"]
[Termination "ChessWarrior7197 won by resignation"]

1. Nf3 g6 2. g3 Bg7 3. Bg2 d6 4. O-O Nf6 5. d4 O-O 6. a4 a5 7. Nc3 c6 8. e4 Bg4 9. h3 Bxf3 10. Qxf3 Nfd7 11. Be3 Na6 12. Qe2 Nb4 13. Rfd1 Qc7 14. Kh2 e5 15. dxe5 dxe5 16. Na2 Nxa2 17. Rxa2 Rfd8 18. Ra3 Nf8 19. Rad3 Ne6 20. c3 Bf8 21.
Qc2 Bc5 22. Bh6 Qb6 23. f4 exf4 24. gxf4 Qc7 25. e5 Rxd3 26. Rxd3 Rd8 27. Kh1 Ba7 28. Qe2 Nc5 29. Rxd8+ Qxd8 30. f5 Nd3 31. Be3 Bb8 32. e6 Qd6 33. exf7+ Kxf7 34. fxg6+ hxg6 35. Be4 Nf4 36. Qf3 Qf6 37. Bd4 Qh4 38. Bf2 Qxh3+ 39. Qxh3 Nxh3 40. Bb6 Bd6 41. Kg2 Nf4+ 42. Kf3 Nd5 43. Bxa5 b6 44. Bxd5+ cxd5 45. Bxb6 Ke6 46. a5 Kd7 47. a6 Kc6 48. a7 Kb7 49. Bd4 Bh2 50. Kg4 Bd6 51. Kg5 Bg3 52. Kxg6 Bf4 53. Kf5 Bc1 54.
b3 Bb2 55. Ke6 Bxc3 56. Bxc3 Kxa7 57. Kxd5 1-0

[Event "*** Titled Tuesday 3|2 Blitz"]
[Site "Chess.com"]
[Date "2014.12.30"]
[Round "8"]
[White "AlmirDzhumaev"]
[Black "David_Klein"]
[Result "1-0"]
[WhiteElo "2097"]
[BlackElo "2340"]
[TimeControl "180+2"]
[EndTime "12:45:17 PST"]
[Termination "AlmirDzhumaev won by checkmate"]

1. e4 g6 2. Nc3 Bg7 3. d3 a6 4. g3 b5 5. Bg2 Bb7 6. Be3 e6 7. Qd2 h5 8. h3 Ne7 9. f4 d6 10. Nf3 Nd7 11. O-O b4 12. Nd1 a5 13.
c3 c5 14. Rb1 Qc7 15. Re1 c4 16. Nd4 O-O 17. dxc4 Qxc4 18. b3 bxc3 19. Qxc3 Qxc3 20. Nxc3 Nc5 21. Ndb5 Rfd8 22. Red1 Ba6 23. Rxd6 Rxd6 24. Nxd6 Nd3 25. e5 Rb8 26. Ba7 Rb4 27. a3 Rxf4 28. gxf4 Nxf4 29. Bd4 Nxg2 30. Kxg2 Nc6 31. Ncb5 Nxd4 32.
Nxd4 Bxe5 33. N4b5 Kf8 34. Rc1 g5 35. Rc6 Bxd6 36.
Nxd6 Bd3 37. Rc7 Bg6 38. b4 axb4 39. axb4 Kg7 40. b5 Kf6 41. b6 Ke5 42. Nxf7+ Kf6 43. b7 Be4+ 44. Kg3 Bxb7 45. Rxb7 e5 46. Nd6 Ke6 47. Ne4 Kf5 48. Kf3 g4+ 49. hxg4+ hxg4+ 50. Ke3 g3 51. Nxg3+ Kg4 52. Ne4 Kf5 53. Rb6 Kg4 54.
Rf6 Kh5 55. Rf5+ Kg4 56. Rxe5 Kh4 57. Kf3 Kh3 58. Rh5# 1-0

[Event "*** Titled Tuesday 3|2 Blitz"]
[Site "Chess.com"]
[Date "2014.12.30"]
[Round "8"]
[White "BeerLag"]
[Black "Vandros57"]
[Result "1-0"]
[WhiteElo "2154"]
[BlackElo "1842"]
[TimeControl "180+2"]
[EndTime "12:45:38 PST"]
[Termination "BeerLag won by resignation"]

1. e4 c5 2. Nf3 d6 3. d4 cxd4 4.
Nxd4 Nf6 5. Nc3 Nc6 6. Be2 e5 7. Nb3 Be7 8. g4 Be6 9. Be3 a6 10. g5 Nd7 11. h4 Nc5 12. Nd5 Bxd5 13. Qxd5 Nxb3 14. axb3 O-O 15. c3 Qd7 16. h5 Qe6 17. Bc4 Qxd5 18. Bxd5 Kh8 19. Ke2 f5 20. gxf6 Bxf6 21.
h6 g6 22. b4 Rac8 23. Rad1 Be7 24. Bb6 Bd8 25. Be3 Bc7 26. Rhf1 Bb8 27. Bg5 Rce8 28. Rd3 Ne7 29. Bxb7 d5 30. Bxd5 Nxd5 31. Rxd5 Ba7 32. f3 Kg8 33. Rd7 Rf7 34. Rfd1 Bb6 35. R7d6 Rb8 36.
Rc6 Kf8 37. Rd5 Bc7 38. Rxa6 Bb6 39. Rd6 Rfb7 40. Rf6+ Kg8 41. Re6 Kf7 42. Rxe5 Rd7 43.
Rb5 Bc7 44. Rxb8 Bxb8 45. Rf6+ Kg8 46. Rb6 Be5 47. Re6 Bc7 48. b5 Bd8 49. Re8+ Kf7 50.
Rxd8 Rxd8 51. Bxd8 1-0